Map: Blueshift LE

Players

Guru

  • Race: Zerg Zerg
  • Spawn Location: 1:00

Lambo - Winner!

  • Race: Zerg Zerg
  • League: Master
  • Spawn Location: 7:00

VOD

Have the link to the VOD?

Description

Time

  • Played on: Jan. 22, 2019, 1:49 p.m.
  • Length: 17:09
Show
View Real Time Build Order
Export as new Build Order

Guru Zerg 

Build Orders: Pool First, Lurkers, Zergling Baneling 

Get SALT Encoding   

  12  0:01  Drone  
  13  0:13  Overlord  
  13  0:17  Drone  
  14  0:31  Drone  
  14  0:32  Drone  
  14  0:35  Drone  
  17  0:46  Extractor  
  17  0:47  Spawning Pool  
  17  0:49  Drone  
  16  0:57  Drone  
  17  1:17  Hatchery  
  16  1:20  Drone  
  17  1:33  Queen  
  17  1:36  Zergling x2  
  20  1:41  Zergling x2  
  20  1:44  Drone  
  22  1:48  Metabolic Boost  
  22  1:55  Overlord  
  22  2:12  Baneling Nest  
  22  2:13  Drone  
  22  2:17  Queen  
  22  2:21  Drone  
  25  2:26  Drone  
  26  2:40  Zergling x6  
  29  2:45  Zergling x6  
  32  2:53  Queen  
  34  3:00  Overlord  
  34  3:03  Drone  
  34  3:04  Drone  
  36  3:08  Baneling x3  
  36  3:15  Overlord  
  36  3:20  Baneling x3  
  36  3:24  Drone x2  
  36  3:26  Drone  
  39  3:34  Drone x3  
  39  3:38  Drone x2  
  42  3:48  Drone x2  
  43  3:55  Baneling  
  43  3:57  Zergling x2  
  43  3:58  Zergling x6  
  47  4:07  Hatchery  
  46  4:10  Overlord  
  46  4:13  Zergling x2  
  46  4:14  Zergling x2  
  48  4:19  Roach Warren  
  47  4:25  Drone x3  
  47  4:28  Drone x2  
  52  4:34  Drone x3  
  48  4:39  Drone  
  48  4:43  Overlord  
  49  4:47  Baneling x2  
  49  4:50  Drone  
  49  4:51  Extractor  
  49  4:52  Zergling x6  
  51  4:53  Zergling x4  
  51  4:55  Baneling x2  
  53  5:01  Overlord  
  53  5:04  Baneling x2  
  53  5:07  Overlord  
  53  5:10  Overlord  
  52  5:14  Baneling  
  52  5:20  Roach x3  
  54  5:25  Roach  
  49  5:28  Drone  
  49  5:29  Drone x2  
  49  5:30  Roach  
  54  5:36  Zergling x6  
  54  5:37  Zergling x4  
  59  5:43  Zergling x4  
  59  5:45  Overlord  
  59  5:49  Zergling x10  
  66  5:51  Zergling x2  
  66  5:54  Zergling x2  
  66  5:57  Overlord  
  68  5:59  Zergling x2  
  69  6:04  Overlord  
  69  6:08  Overlord  
  69  6:13  Overlord  
  69  6:17  Roach x2  
  72  6:21  Roach x3  
  72  6:23  Drone  
  72  6:24  Drone  
  79  6:26  Drone  
  79  6:31  Baneling x6  
  79  6:32  Baneling  
  80  6:34  Drone  
  80  6:35  Drone  
  80  6:37  Drone  
  80  6:38  Drone  
  84  6:41  Drone  
  84  6:43  Drone  
  84  6:45  Drone  
  84  6:50  Zergling x4  
  84  6:51  Zergling x6  
  78  6:54  Zergling x2  
  78  6:57  Zergling x4  
  78  6:58  Zergling x2  
  78  7:01  Drone  
  83  7:05  Evolution Chamber x2  
  83  7:06  Drone x2  
  83  7:08  Drone  
  83  7:09  Drone  
  83  7:14  Drone  
  83  7:15  Drone x3  
  89  7:18  Overlord  
  89  7:24  Queen  
  91  7:30  Overlord  
  91  7:33  Zerg Ground Armor Level 1, Zerg Missile Weapons Level 1  
  91  7:35  Queen  
  93  7:38  Drone, Spore Crawler  
  93  7:39  Overlord  
  93  7:42  Drone, Extractor  
  94  7:44  Drone x2  
  94  7:45  Drone  
  96  7:53  Lair  
  96  7:55  Roach x2  
  96  7:56  Roach x2  
  103  8:01  Roach  
  103  8:02  Overlord  
  103  8:05  Drone  
  106  8:06  Extractor  
  106  8:08  Drone x3  
  106  8:09  Overlord  
  106  8:11  Roach x2  
  106  8:12  Roach  
  114  8:14  Overlord  
  114  8:16  Roach  
  114  8:19  Overlord  
  116  8:21  Roach x2  
  116  8:23  Roach  
  122  8:36  Extractor  
  122  8:39  Overlord  
  122  8:40  Roach x2  
  122  8:41  Roach x3  
  131  8:42  Roach  
  131  8:44  Overlord  
  131  8:48  Roach x3  
  139  8:49  Overlord  
  139  8:57  Extractor  
  139  8:58  Glial Reconstitution, Overlord  
  139  8:59  Roach  
  139  9:01  Roach  
  142  9:04  Drone  
  142  9:05  Drone  
  142  9:06  Roach x2  
  149  9:10  Roach x3  
  149  9:16  Queen  
  154  9:26  Hydralisk Den  
  154  9:28  Roach  
  154  9:29  Roach  
  154  9:30  Zerg Missile Weapons Level 2  
  157  9:33  Overlord  
  157  9:39  Roach x3, Spore Crawler  
  157  9:40  Roach  
  157  9:44  Roach x3  
  157  9:45  Roach  
  172  9:47  Roach  
  172  9:48  Roach  
  176  9:53  Roach x2  
  176  9:58  Grooved Spines, Roach  
  176  9:59  Roach  
  184  10:01  Roach  
  184  10:05  Roach x2  
  190  10:11  Hydralisk x2  
  190  10:13  Hydralisk  
  196  10:17  Hydralisk, Overseer  
  197  10:38  Overseer  
  197  10:39  Zerg Ground Armor Level 2  
  197  10:40  Overseer  
  197  10:44  Hatchery  
  197  10:45  Pneumatized Carapace  
  197  10:48  Hydralisk  
  198  10:51  Hydralisk, Spore Crawler  
  197  11:28  Muscular Augments, Hydralisk  
  193  11:41  Hydralisk  
  193  11:42  Hydralisk  
  193  11:44  Hydralisk x4  
  166  12:02  Hydralisk x11  
  166  12:03  Hydralisk x3  
  166  12:04  Hydralisk  
  166  12:07  Hydralisk  
  196  12:09  Hydralisk  
  196  12:13  Drone x2  
  200  12:50  Lurker Den  
  199  12:57  Drone  
  184  13:14  Roach x5  
  184  13:16  Roach  
  184  13:18  Roach  
  184  13:19  Roach x15  
  200  13:20  Roach  
  200  13:24  Roach  
  200  13:25  Roach x4  
  162  13:35  Roach x4  
  162  13:36  Roach x2  
  171  13:55  Hydralisk x3  
  171  13:56  Hydralisk x3  
  171  14:01  Hydralisk x5  
  171  14:02  Hydralisk  
  195  14:03  Hydralisk x2  
  199  14:11  Drone  
  184  14:50  Lurker x2  
  184  14:51  Lurker x7  
  191  14:52  Extractor  
  191  14:53  Drone x3, Extractor  
  191  14:54  Drone x3  
  181  15:01  Drone x3  
  181  15:02  Drone x3  
  181  15:05  Infestation Pit  
  181  15:06  Spore Crawler  
  185  15:07  Spore Crawler  
  185  15:08  Spine Crawler, Drone  
  185  15:09  Drone x2  
  186  15:24  Roach x3  
  183  15:39  Roach x2  
  187  15:45  Hydralisk x2  
  187  15:49  Lurker  
  197  15:50  Lurker x6  
  197  15:52  Drone  
  197  15:56  Spine Crawler x2  
  183  15:59  Spine Crawler, Roach  
  183  16:03  Roach x2  
  183  16:04  Roach x2  
  170  16:08  Roach  
  170  16:11  Roach x2  
  142  16:13  Roach  
  142  16:17  Roach  
  109  16:28  Roach x2  
  109  16:29  Roach x4  
  108  16:34  Lurker x2  
  108  16:35  Lurker x3  
  113  16:42  Roach x2  
  121  16:47  Roach  
  121  16:48  Roach  
Show
View Real Time Build Order
Export as new Build Order

Lambo Zerg - Winner!

Build Orders: Hatch First, Zergling Baneling 

Get SALT Encoding   

  12  0:01  Drone  
  13  0:14  Overlord  
  13  0:17  Drone  
  14  0:32  Drone x2  
  16  0:48  Hatchery  
  15  0:51  Drone  
  15  0:55  Drone  
  17  0:58  Drone  
  18  1:09  Extractor  
  17  1:13  Spawning Pool  
  17  1:17  Drone  
  17  1:20  Drone  
  18  1:29  Drone  
  19  1:40  Drone  
  20  1:51  Drone  
  21  2:00  Drone, Queen x2  
  26  2:02  Overlord  
  26  2:09  Metabolic Boost  
  26  2:10  Zergling x2  
  26  2:13  Zergling x2  
  28  2:22  Zergling x2  
  29  2:23  Drone  
  30  2:30  Baneling Nest  
  29  2:40  Drone  
  30  2:46  Zergling x2  
  31  2:53  Drone  
  31  2:57  Overlord  
  32  3:01  Drone x2  
  32  3:03  Hatchery  
  33  3:10  Zergling x8  
  36  3:14  Baneling x3  
  36  3:26  Baneling  
  36  3:33  Zergling x10  
  36  3:47  Zergling x8  
  40  3:50  Drone  
  41  3:56  Evolution Chamber  
  40  4:06  Drone x2  
  40  4:07  Baneling x3, Drone x2  
  44  4:13  Overlord  
  44  4:22  Baneling  
  44  4:30  Hatchery  
  43  4:32  Overlord  
  43  4:36  Drone x3  
  45  4:43  Zergling x8  
  47  4:47  Drone  
  47  4:48  Drone  
  49  4:53  Baneling x2  
  49  4:55  Baneling  
  49  4:57  Zergling x2  
  49  4:58  Drone x2  
  52  5:00  Drone x2  
  52  5:07  Drone x2  
  55  5:09  Drone  
  55  5:12  Drone  
  57  5:18  Drone x4  
  55  5:27  Baneling x2  
  50  5:29  Extractor x2  
  50  5:30  Zergling x8  
  50  5:31  Roach Warren  
  51  5:35  Queen  
  51  5:40  Overlord  
  51  5:41  Drone  
  54  5:49  Spine Crawler, Overlord  
  53  5:51  Zergling x4  
  53  5:53  Zerg Missile Weapons Level 1  
  53  5:55  Zergling x2  
  56  6:00  Zergling x8  
  60  6:08  Overlord  
  53  6:20  Roach x5  
  53  6:24  Lair  
  65  6:31  Roach x2  
  70  6:39  Roach x5  
  76  6:49  Roach  
  76  6:53  Roach x2  
  75  6:58  Roach  
  71  7:05  Roach x4  
  79  7:10  Roach x2  
  83  7:16  Overlord  
  83  7:20  Overlord  
  83  7:22  Glial Reconstitution  
  83  7:24  Overlord  
  83  7:26  Overlord  
  83  7:27  Overlord  
  83  7:33  Overlord  
  83  7:38  Overlord  
  83  7:44  Drone  
  83  7:45  Hatchery  
  83  7:49  Zerg Missile Weapons Level 2  
  83  7:56  Drone x4  
  87  7:59  Drone  
  87  8:00  Drone  
  87  8:01  Extractor  
  87  8:05  Overseer  
  88  8:06  Drone x3  
  91  8:18  Roach x4  
  99  8:22  Drone  
  100  8:30  Drone  
  100  8:31  Drone x2  
  103  8:34  Overlord  
  103  8:36  Roach x2  
  103  8:40  Overlord  
  103  8:41  Overlord  
  107  8:46  Roach x2  
  111  8:52  Roach x2  
  115  9:06  Drone x3, Queen  
  115  9:08  Extractor  
  115  9:09  Tunneling Claws  
  119  9:10  Burrow  
  119  9:15  Roach x2  
  123  9:22  Roach x3  
  129  9:28  Roach  
  129  9:29  Roach x2  
  135  9:35  Extractor  
  135  9:37  Roach x2  
  138  9:41  Ravager  
  138  9:42  Ravager  
  138  9:44  Roach x3  
  146  9:48  Pneumatized Carapace  
  146  9:50  Ravager  
  147  9:59  Roach x5  
  157  10:00  Drone x2  
  157  10:01  Drone  
  157  10:04  Overlord  
  157  10:05  Zerg Ground Armor Level 1, Ravager  
  161  10:11  Overlord  
  161  10:12  Overlord, Roach x6  
  161  10:17  Overlord  
  161  10:18  Overlord  
  161  10:19  Overlord  
  161  10:20  Ravager  
  162  10:22  Roach  
  162  10:27  Roach x4  
  170  10:32  Roach  
  170  10:33  Roach x2  
  176  10:37  Roach x2  
  180  10:46  Drone  
  181  10:52  Overseer  
  181  10:53  Roach x3  
  181  10:54  Ravager x2  
  181  10:55  Ravager x3, Roach x3  
  192  11:00  Hatchery  
  191  11:04  Roach x3  
  191  11:05  Roach  
  199  11:18  Roach x3  
  199  11:19  Overlord  
  199  11:20  Overlord  
  199  11:24  Overlord  
  194  11:43  Roach x4  
  190  11:49  Roach x6  
  190  11:52  Roach x6  
  180  11:55  Roach x2  
  180  11:57  Roach  
  180  11:59  Roach  
  160  12:03  Roach x2  
  162  12:09  Roach x2  
  162  12:10  Ravager  
  162  12:11  Ravager x3  
  162  12:12  Ravager  
  162  12:14  Overseer, Roach  
  173  12:19  Roach x3  
  181  12:22  Roach  
  181  12:24  Ravager x2  
  181  12:27  Roach x2  
  187  12:35  Roach x4  
  196  12:37  Ravager, Roach x4  
  196  12:41  Overseer  
  196  12:43  Roach  
  195  13:11  Roach x4  
  195  13:15  Roach x9  
  195  13:19  Roach  
  199  13:20  Roach x5  
  199  13:24  Roach x4  
  199  13:26  Roach  
  181  13:31  Roach x2  
  179  13:34  Roach x2  
  179  13:38  Roach x28  
  181  13:47  Roach x5  
  183  13:57  Hatchery  
  183  13:58  Roach  
  184  14:04  Overlord  
  184  14:07  Ravager x4  
  184  14:08  Ravager, Roach  
  191  14:16  Drone  
  192  14:18  Overlord  
  192  14:31  Roach x3  
  186  14:42  Roach x5  
  194  14:48  Roach x16  
  194  15:12  Roach x3  
  200  15:24  Roach x21  
  200  15:25  Roach x20  
  192  15:37  Roach x2  
  192  15:41  Overseer x2  
  192  15:53  Extractor, Spire  
  192  15:55  Extractor  
  181  15:58  Roach x5  
  183  16:09  Roach x9  
  183  16:10  Roach x3  
  178  16:12  Overseer x2, Roach x5  
  178  16:14  Roach  
  184  16:23  Roach x14  
  165  16:27  Roach x9  
  165  16:30  Roach x2  
  177  16:38  Roach x3  
  183  16:44  Overseer  
Tags
 
Add a new tag
Caveats
  • Supply blocks, unpowered buildings, or Contaminate may cause inaccurate times.
  • Supply counts are checked every 10 seconds.